 Dungeon Sprint DCSS version 0.31-a0-868-g674d60d6f7 (webtiles) character file.

Game seed: 7807623773153059244

2409 rocky1 the Fencer (level 9, -7/65 HPs)
             Began as a Djinni Gladiator on Oct 12, 2023.
             Was an Initiate of Gozag.
             Mangled by a tentacle (10 damage)
             ... attached to a kraken
             ... in the Dungeon (Sprint II: "The Violet Keep of Menkaure").
             The game lasted 00:06:21 (1074 turns).

rocky1 the Fencer (Djinni Gladiator)                Turns: 1074, Time: 00:06:21

Health: -7/65      AC:  8    Str: 13    XL:     9   Next: 75%
Gold:   922        EV: 14    Int: 10    God:    Gozag SH:  0 Dex: 19

rFire   + + +        a - +0 long sword
rCold   x . .        (no shield)
rNeg    + . .        i - +1 scale mail of the Archfiend {rF+ rN+}
rPois   ∞            c - +0 helmet
rElec   .            (no cloak)
rCorr   .            (no gloves)
SInv    .            (boots unavailable)
Will    .....        (no amulet)
Stlth   +            (no ring)
HPRegen 0.30/turn    (no ring)
MPRegen 0.00/turn

%: no teleportation, infuse magic (-8 HP)
@: flying
A: sickness immunity, fire resistance 2, cold vulnerability 1, float, innate
caster, HP casting, extra vitality 1
a: Renounce Religion, Potion Petition, Call Merchant, Bribe Branch


You were in the Dungeon.
You worshipped Gozag.
Gozag was pleased with you.
You visited 1 branch You collected 2178 gold pieces.
You spent 1256 gold pieces at shops.

Inventory:

Hand Weapons
 a - a +0 long sword (weapon)
Missiles
 d - 3 throwing nets (quivered)
 e - a javelin
Armour
 b - a +0 leather armour
 c - a +0 helmet (worn)
 i - the +1 scale mail of the Archfiend (worn) {rF+ rN+}
   (You bought it in a shop in the Dungeon)

   rF+:       It protects you from fire.
   rN+:       It protects you from negative energy.
Scrolls
 h - a scroll of identify {unknown}
 j - 2 scrolls of blinking
Potions
 f - 7 potions of curing
 k - 3 potions of invisibility
 m - a potion of mutation
 n - a potion of ambrosia
 q - a potion of attraction
 r - a potion of lignification


   Skills:
 - Level 5.3 Fighting
 * Level 17.0 Long Blades
 - Level 1.5 Throwing
 - Level 2.0 Armour
 - Level 9.6 Dodging
 + Level 1.1 Stealth


You knew the following spells:

 Your Spells              Type           Power      Damage    Failure   Level
a - Kiss of Death         Conj/Necr      0%         2d5       87%         1
b - Ensorcelled Hibernat  Hex/Ice        0%         N/A       95%         2
c - Teleport Other        Tloc           0%         N/A       99%         3
d - Animate Dead          Necr           0%         N/A       100%        4
Your spell library was empty.


Dungeon Overview and Level Annotations

Branches:
Dungeon (1/1)

Altars:
Cheibriados
Dithmenos
Elyvilon
Fedhas
Gozag
Hepliaklqana
Makhleb
Nemelex Xobeh
Okawaru
Qazlal
Ru
Trog
Uskayaw
Wu Jian
Xom
Yredelemnul
Zin
The Shining One
Jiyva
Lugonu

Shops:
D ([:!:![[=((:!=?

Annotations:
D exclusion: oklob plant


Innate Abilities, Weirdness & Mutations

You are immune to sickness and miasma.
You are immune to poison.
Your flesh is very heat resistant. (rF++)
You are vulnerable to cold. (rC-)
You float through the air rather than walking.
You learn spells naturally, not from books.
Your magical power is your life essence.
You have superior vitality. (+4 MHP)


Message History

* * * LOW HITPOINT WARNING * * *
You barely miss the tentacle.
The tentacle is lightly wounded.
The tentacle slaps you.
* * * LOW HITPOINT WARNING * * *
The tentacle misses you.
You start resting.
You start resting.
HP restored.
You now have 922 gold pieces (gained 27).
There are no items here.
There is an open door here.
There is an open door here.
Tentacles burst out of the water! 3 tentacles come into view.
You reach down and close the door.
The tentacle misses you.
You slash the tentacle!
The tentacle is moderately wounded.
The tentacle slaps you!
You hit the tentacle but do no damage.
The tentacle is moderately wounded.
The tentacle barely misses you. x2
You slash the tentacle!
The tentacle is heavily wounded.
The tentacle slaps you!!
You slash the tentacle!
The tentacle is almost dead.
The tentacle misses you.
You slash the tentacle!
The tentacle is almost dead.
The tentacle barely misses you.
You closely miss the tentacle.
The tentacle is almost dead.
The tentacle slaps you!!
* * * LOW HITPOINT WARNING * * *
You slash the tentacle!
You kill the tentacle!
The tentacle slaps you!
You die...
Your body crumbles into a pile of gold.

# +.##. )▓[!$?(!?(▓▓ #
...####▓[$)$[(!!▓▓ ##
#..##.#▓"?(!$$))▓▓ .#
+..#..#▓(?)[($?$▓▓ .#
#..#..#▓(!$[!??[▓▓
.####..##.#▓?!$(!=(!▓▓
...###...##▓▓▓▓▓▓▓+▓▓▓▓+
.....~~~~~)~~~~~@w──wXw≈
.§§..~#'########+###V≈≈≈
~§§..~#_._.....#~§§# ≈
~~~~.~#._._....#§§§§#
§~~~~~#_._._...#§§~~≈#
≈≈≈~~~#._._._..#§§~≈≈≈#
≈≈≈≈§~#_._._._.#~§~~~≈+
≈###≈≈#._._._._#~§~~≈~#
§#)#≈§#.._._._.#~§≈≈≈≈▓


You could see a kraken and 3 tentacles.

Vanquished Creatures
  A yaktaur (D)
  A hornet (D)
  3 polar bears (D)
  2 wyverns (D)
  5 water moccasins (D)
  5 scorpions (D)
  4 necrophages (D)
  A tentacle (D)
22 creatures vanquished.

Vanquished Creatures (others)
  Menkaure (D)
  11 tentacles (D)
12 creatures vanquished.

Grand Total: 34 creatures vanquished

Notes
Turn   | Place    | Note
-------+----------+-------------------------------------------
     0 | D        | rocky1 the Djinni Gladiator began the quest for the Orb.
     0 | D        | Reached XP level 1. HP: 18/18 MP: 0/0
     1 | D        | Noticed a scorpion
     1 | D        | Noticed a scorpion
     1 | D        | Noticed a scorpion
     1 | D        | Noticed a scorpion
     7 | D        | Killed a scorpion
     8 | D        | Reached skill level 5 in Long Blades
     8 | D        | Reached XP level 2. HP: 25/25 MP: 0/0
     8 | D        | Reached XP level 3. HP: 30/30 MP: 0/0
     8 | D        | Learned a level 1 spell: Kiss of Death
     8 | D        | Reached XP level 4. HP: 35/35 MP: 0/0
     9 | D        | Killed a scorpion
    10 | D        | Reached skill level 6 in Long Blades
    10 | D        | Reached skill level 1 in Armour
    10 | D        | Reached XP level 5. HP: 40/40 MP: 0/0
    10 | D        | Learned a level 2 spell: Ensorcelled Hibernation
    13 | D        | Reached skill level 7 in Long Blades
    17 | D        | Reached skill level 8 in Long Blades
    17 | D        | Reached XP level 6. HP: 48/48 MP: 0/0
    23 | D        | Noticed a water moccasin
    23 | D        | Noticed Menkaure
    24 | D        | Killed Menkaure
    30 | D        | Killed a water moccasin
    33 | D        | Found an iron altar of Okawaru.
    33 | D        | Found a glowing silver altar of Zin.
    34 | D        | Found a sparkling altar of Nemelex Xobeh.
    34 | D        | Found a hide-covered altar of Uskayaw.
    34 | D        | Found a basalt altar of Yredelemnul.
    35 | D        | Found an opulent altar of Gozag.
    35 | D        | Found a burning altar of Makhleb.
    35 | D        | Found a bloodstained altar of Trog.
    35 | D        | Found a shimmering altar of Xom.
    36 | D        | Found a blossoming altar of Fedhas.
    36 | D        | Found a corrupted altar of Lugonu.
    37 | D        | Found a white marble altar of Elyvilon.
    37 | D        | Found a sacrificial altar of Ru.
    38 | D        | Found a shadowy altar of Dithmenos.
    38 | D        | Found a viscous altar of Jiyva.
    40 | D        | Found a snail-covered altar of Cheibriados.
    43 | D        | Found a hazy altar of Hepliaklqana.
    44 | D        | Found a glowing golden altar of the Shining One.
    44 | D        | Found an ornate altar of the Wu Jian Council.
    44 | D        | Found a stormy altar of Qazlal.
    47 | D        | Became a worshipper of Gozag Ym Sagoz the Greedy
    62 | D        | Noticed a flying skull
    62 | D        | Noticed a flying skull
    62 | D        | Noticed a flying skull
    63 | D        | Noticed a flying skull
    64 | D        | Noticed a flying skull
    64 | D        | Noticed a flying skull
    64 | D        | Noticed a flying skull
    64 | D        | Noticed a flying skull
    64 | D        | Noticed a flying skull
    64 | D        | Noticed a flying skull
    64 | D        | Noticed a flying skull
    65 | D        | Noticed a flying skull
    99 | D        | Noticed a wyvern
    99 | D        | Noticed a wyvern
   103 | D        | Noticed a boulder beetle
   103 | D        | Noticed a boulder beetle
   115 | D        | Reached skill level 5 in Fighting
   115 | D        | Reached skill level 9 in Long Blades
   115 | D        | Reached XP level 7. HP: 54/54 MP: 0/0
   115 | D        | Learned a level 3 spell: Teleport Other
   124 | D        | Reached skill level 10 in Long Blades
   139 | D        | Reached skill level 11 in Long Blades
   190 | D        | Killed a wyvern
   191 | D        | Reached skill level 12 in Long Blades
   195 | D        | Killed a wyvern
   196 | D        | Reached XP level 8. HP: 31/59 MP: 0/0
   204 | D        | Noticed an ice statue
   211 | D        | Found Enwyfeowk's Antique Weapon Shop.
   211 | D        | Found Veyxic's Distillery.
   213 | D        | Found Wiaffonk's Jewellery Boutique.
   213 | D        | Found Ruppegur's Antique Weapon Boutique.
   214 | D        | Found Juuhagul's Antique Armour Boutique.
   214 | D        | Found Gouschema's Magic Scroll Shop.
   214 | D        | Found Keinn's Antique Armour Shop.
   230 | D        | Reached skill level 13 in Long Blades
   235 | D        | Found Ruptyir's Distillery.
   235 | D        | Found Wunet's Book Boutique.
   235 | D        | Found Lucosh's Book Boutique.
   236 | D        | Found Mital's Jewellery Boutique.
   239 | D        | Noticed a shining eye
   240 | D        | Found Buywn's Distillery.
   240 | D        | Noticed a shining eye
   240 | D        | Noticed a shining eye
   240 | D        | Noticed an oklob plant
   242 | D        | Found Deisoete's Armour Shop.
   242 | D        | Found Vuatugyi's Book Shoppe.
   242 | D        | Found Nafefrus's Antique Weapon Boutique.
   392 | D        | Noticed a wyvern
   394 | D        | Bought a warped scale mail for 225 gold pieces
   394 | D        | Identified the +1 scale mail of the Archfiend {rF+ rN+}
                  | (You bought it in a shop in the Dungeon)
   406 | D        | Bought a potion of heal wounds for 50 gold pieces
   406 | D        | Bought a potion of invisibility for 80 gold pieces
   406 | D        | Bought a potion of might for 40 gold pieces
   406 | D        | Bought a potion of curing for 30 gold pieces
   406 | D        | Bought a potion of curing for 30 gold pieces
   406 | D        | Bought a potion of curing for 30 gold pieces
   410 | D        | Bought a potion of mutation for 104 gold pieces
   410 | D        | Bought a potion of curing for 39 gold pieces
   410 | D        | Bought a potion of curing for 39 gold pieces
   418 | D        | Noticed a wyvern
   426 | D        | Bought a potion of ambrosia for 88 gold pieces
   426 | D        | Bought a potion of degeneration for 11 gold pieces
   426 | D        | Bought a potion of haste for 110 gold pieces
   426 | D        | Bought a potion of invisibility for 88 gold pieces
   426 | D        | Bought a potion of curing for 33 gold pieces
   426 | D        | Bought a potion of invisibility for 88 gold pieces
   426 | D        | Bought a potion of attraction for 33 gold pieces
   426 | D        | Bought a potion of lignification for 33 gold pieces
   428 | D        | Bought a scroll of blinking for 105 gold pieces
   568 | D        | Noticed a polar bear
   569 | D        | Noticed a yaktaur
   569 | D        | Noticed a hornet
   569 | D        | Noticed a polar bear
   569 | D        | Noticed a polar bear
   588 | D        | Killed a polar bear
   589 | D        | Reached skill level 14 in Long Blades
   597 | D        | Killed a hornet
   598 | D        | Reached XP level 9. HP: 9/65 MP: 0/0
   598 | D        | Learned a level 4 spell: Animate Dead
   607 | D        | Killed a yaktaur
   608 | D        | Reached skill level 15 in Long Blades
   621 | D        | Killed a polar bear
   628 | D        | Killed a polar bear
   629 | D        | Reached skill level 16 in Long Blades
   647 | D        | Noticed a kraken
   654 | D        | Reached skill level 1 in Stealth
   666 | D        | Reached skill level 17 in Long Blades
  1073 | D        | HP: 3/65 [tentacle[a kraken] (22)]
  1074 | D        | Mangled by a tentacle

Illustrated notes

Levels and vault maps discovered:
D:        the_violet_keep_of_menkaure [sprint2_stairs_cluster_1,
          sprint2_shoproom, sprint2_temple, sprint2_basic_supplies,
          sprint2_obstacle_2, sprint2_obstacle_1, sprint2_obstacle_3,
          sprint2_obstacle_7, sprint2_obstacle_6, sprint2_timed_cluster_1,
          sprint2_smallroom_cluster_1, sprint2_smallroom_final_cluster_1,
          sprint2_transparent_cluster_1, sprint2_second_timed_cluster_1,
          sprint2_sniper_area_1, sprint2_heavy_combat_area_1,
          sprint2_mutation_trap_area_1, sprint2_forest_area_1,
          sprint2_light_combat_area_1, sprint2_behind_water_1,
          sprint2_near_end_vault_1]

Skill      XL: |  1  2  3  4  5  6  7  8  9 |
---------------+----------------------------+-----
Fighting       | 3 4 5 |  5.3
Long Blades    | 5 6 8 9 12 14 17 | 17.0
Dodging        | 6 7 8 9 |  9.6
Armour         | 1 2 |  2.0
Stealth        | 1 |  1.1
Throwing       | |  1.5

Action                     |  1- 3 |  4- 6 |  7- 9 || total
---------------------------+-------+-------+-------++-------
  Melee: Long sword        |     5 |    20 |   131 ||   156
         Punch             |       |     1 |     1 ||     2
    Use: Potion            |     1 |       |     5 ||     6
 Armour: Leather armour    |     3 |     7 |    20 ||    30
         Scale mail        |       |       |    52 ||    52
  Dodge: Dodged            |     1 |    12 |    80 ||    93

Table legend: (Time is in decaauts)
 A = Elapsed time spent in this place.
 B = Non-inter-level travel time spent in this place.
 C = Inter-level travel time spent in this place.
 D = Time resting spent in this place.
 E = Time spent auto-exploring this place.
 F = Levels seen in this place.
 G = Mean time per level.
                   A        B        C        D        E       F      G
               +--------+--------+--------+--------+--------+-----+--------+
         Total |   1011 |   1011 |      0 |    610 |      0 |   1 | 1011.0 |
       Dungeon |   1011 |   1011 |      0 |    610 |      0 |   1 | 1011.0 |
               +--------+--------+--------+--------+--------+-----+--------+

Top non-repeatable levels by time:
       D: 1011 daAuts
